 Dungeon Crawl Stone Soup version 0.27.1-1-g398f81649c (webtiles) character file.

Game seed: 12345834738601755990

18031 speeev33 the Cleaver (level 12, 0/113 HPs)
             Began as a Hill Orc Fighter on Sept 13, 2021.
             Was a High Priest of Okawaru.
             Slain by a four-headed hydra (2 damage)
             ... on level 4 of the Lair of Beasts on Sept 14, 2021.
             The game lasted 00:38:20 (14712 turns).

speeev33 the Cleaver (Hill Orc Fighter)            Turns: 14712, Time: 00:38:20

Health: 0/113      AC: 18    Str: 26    XL:     12   Next: 54%
Magic:  10/12      EV: 10    Int:  8    God:    Okawaru [*****.]
Gold:   760        SH: 21    Dex: 10    Spells: 11/11 levels left

rFire    . . .     SeeInvis .   a - +2 war axe (flame)
rCold    + . .     Faith    .   c - +1 kite shield
rNeg     . . .     Spirit   .   d - +1 chain mail {rPois}
rPois    +         Reflect  +   g - +0 helmet
rElec    .         Harm     .   z - +0 cloak
rCorr    .         Rampage  .   (no gloves)
Will     +....                  (no boots)
Stlth    ..........             e - amulet of reflection
HPRegen  0.28/turn              B - ring of protection from cold
MPRegen  0.13/turn              C - ring of willpower

@: heroic
A: strong 1
a: Renounce Religion, Heroism, Finesse


You were on level 4 of the Lair of Beasts.
You worshipped Okawaru.
Okawaru was extremely pleased with you.
You visited 3 branches of the dungeon, and saw 14 of its levels.

You collected 760 gold pieces.

Inventory:

Hand Weapons
 a - a +2 war axe of flaming (weapon)
 D - the +4 morningstar "Killer Bee's Curse" {drain, rF+++ Int+2 Dex+2}
   (You found it on level 2 of the Lair of Beasts)

   A truly terrible weapon, it drains the life of any living foe it strikes.
   Int:       It affects your intelligence (+2).
   Dex:       It affects your dexterity (+2).
   rF:        It renders you almost immune to fire.
Missiles
 j - 4 throwing nets (quivered)
Armour
 c - a +1 kite shield (worn)
 d - a +1 chain mail of poison resistance (worn)
 g - a +0 helmet (worn)
 q - a +0 plate armour
 z - a +0 cloak (worn)
Jewellery
 e - an amulet of reflection (around neck)
 B - a ring of protection from cold (left hand)
 C - a ring of willpower (right hand)
Wands
 k - a wand of digging (6)
 p - a wand of mindburst (8)
 u - a wand of iceblast (4)
 v - a wand of polymorph (18)
Scrolls
 h - a scroll of torment
 i - 3 scrolls of immolation
 m - 4 scrolls of teleportation
 n - a scroll of fear
 o - a scroll of magic mapping
 t - 3 scrolls of identify
 F - 2 scrolls of enchant weapon
Potions
 f - a potion of attraction
 l - a potion of cancellation
 r - a potion of lignification
 s - 4 potions of brilliance
 w - a potion of magic
 x - 3 potions of curing
 y - a potion of flight
 A - a potion of ambrosia
 E - a potion of degeneration
 G - a potion of haste


   Skills:
 + Level 12.4(17.4) Fighting
 + Level 13.1(18.1) Axes
 + Level 11.5(16.5) Armour
 + Level 11.5(16.5) Shields


You had 11 spell levels left.
You didn't know any spells.
Your spell library contained the following spells:

 Spells                   Type           Power      Damage    Failure   Level
 Foxfire                  Conj/Fire      0%         2x1d4     83%         1
 Sting                    Tmut/Pois      0%         1d3       83%         1
 Poisonous Vapours        Pois/Air       0%         N/A       93%         2
 Conjure Flame            Conj/Fire      0%         6-21      99%         3
 Inner Flame              Hex/Fire       0%         N/A       99%         3
 Stone Arrow              Conj/Erth      0%         3d7       99%         3
 Animate Armour           Summ/Erth      0%         N/A       100%        4
 Animate Dead             Necr           0%         N/A       100%        4
 Olgreb's Toxic Radiance  Pois           0%         N/A       100%        4
 Borgnjor's Vile Clutch   Necr/Erth      0%         N/A       100%        5
 Death Channel            Necr           0%         N/A       100%        6
 Lehudib's Crystal Spear  Conj/Erth      0%         10d2      100%        8


Dungeon Overview and Level Annotations

Branches:
Dungeon (10/15)            Temple (1/1) D:7            Lair (2/6) D:10
 Spider (0/4) Lair:4          Orc (0/2) D:9
  Swamp: Lair:2-4    Shoals: Lair:2-4

Altars:
Ashenzari
Cheibriados
Dithmenos
Elyvilon
Fedhas
Gozag
Hepliaklqana
Kikubaaqudgha
Makhleb
Nemelex Xobeh
Okawaru
Qazlal
Ru
Sif Muna
Trog
Uskayaw
Vehumet
Wu Jian
Xom
Yredelemnul
Zin
The Shining One

Shops:
D:4 *

Annotations:
D:9 2 runed translucent doors, DemonSlayer's ghost, journeyman HuBe


Innate Abilities, Weirdness & Mutations

Your muscles are strong. (Str +2)


Message History

You gain the combat prowess of a mighty hero.
You block the seven-headed hydra's attack. x2
The seven-headed hydra bites you.
* * * LOW HITPOINT WARNING * * *
The seven-headed hydra bites you but does no damage.
The seven-headed hydra bites you.
* * * LOW HITPOINT WARNING * * *
The seven-headed hydra bites you but does no damage. x2
You barely miss the seven-headed hydra.
The seven-headed hydra barely misses you.
The seven-headed hydra closely misses you.
The seven-headed hydra bites you but does no damage.
You block the seven-headed hydra's attack.
The seven-headed hydra bites you.
* * * LOW HITPOINT WARNING * * *
You block the seven-headed hydra's attack.
The seven-headed hydra bites you.
* * * LOW HITPOINT WARNING * * *
You slice one of the seven-headed hydra's heads off!
The flame cauterises the wound!
You slash the six-headed hydra! You burn the six-headed hydra.
The six-headed hydra is moderately wounded.
You lop one of the six-headed hydra's heads off!
The flame cauterises the wound!
You slash the five-headed hydra! You burn the five-headed hydra.
The five-headed hydra is moderately wounded.
The five-headed hydra bites you but does no damage.
You block the five-headed hydra's attack.
The five-headed hydra bites you but does no damage. x2
You block the five-headed hydra's attack.
You chop one of the five-headed hydra's heads off!
The flame cauterises the wound!
You slash the four-headed hydra! You burn the four-headed hydra.
The four-headed hydra is heavily wounded.
You slash the scorpion! You burn the scorpion. You block the scorpion's attack.
You block the four-headed hydra's attack.
The four-headed hydra bites you but does no damage.
The four-headed hydra barely misses you.
The four-headed hydra bites you.
You die...

###* *## ***** *,,,,,,
##PP#####.* ****,*,*##**,,,,,, *
#.P......## **,,,,,,,.##,,***,, *
#.........# *,,,,,,,...#,,**,*,
*##........#* **,,,,,,...#,,,*,,,
*#P.......#* ******....,.,,,,,>
###......## ### *#..,.(.,,**,,
#.#.......## ##.####.#.....,,*,,,
...........###..@D...<...#,,,*,*,
...........##....s........#,,**,,
...........#..............#,,,,,,
.............#....!......##******
##.######.........##....## *
*###* *#........##*....#**
*,,,***#..........#,..###8** *
,,,,,,.....P#P..P#...##*≈≈≈*** **
,,,,,......####.##..,*<,,≈,,<* *,


You could see a four-headed hydra and a scorpion.

Vanquished Creatures
  Harold (D:9)
  4 hydras
  A two-headed ogre (D:9)
  Nergalle (Lair:1)
  A torpor snail (Lair:4)
  A black mamba (Lair:4)
  Joseph (D:9)
  Maggie (D:6)
  A cane toad (Lair:1)
  Psyche (D:9)
  A komodo dragon (Lair:2)
  5 blink frogs (Lair:1)
  3 slime creatures (D:7)
  2 dream sheep (Lair:4)
  A vampire (D:8)
  Eustachio (D:6)
  3 vampire mosquitoes (D:10)
  2 wyverns
  Grum (Lair:1)
  15 yaks
  Menkaure (D:6)
  A naga (D:9)
  2 water moccasins
  9 orc warriors
  An ice beast (D:5)
  3 necrophages
  An ogre (D:5)
  4 centaurs
  2 black bears
  6 wolves
  A kobold brigand (D:9)
  5 bullfrogs
  A gnoll sergeant (D:9)
  4 scorpions
  2 wyvern skeletons (D:6)
  4 howler monkeys
  14 wights
  4 electric eels
  3 centaur zombies
  A jelly (D:4)
  8 orc priests
  4 hounds
  2 centaur skeletons
  2 gnoll shamans
  A bullfrog skeleton (D:6)
  Jessica (D:2)
  Terence (D:2)
  4 iguanas
  15 orc wizards
  A hound skeleton (D:4)
  A howler monkey zombie (D:7)
  18 gnolls
  8 adders
  2 howler monkey skeletons
  A shadow imp (D:7)
  A white imp (D:8)
  An ufetubus (D:6)
  2 worms (D:4)
  6 dart slugs
  42 orcs
  4 bats
  16 endoplasms
  7 giant cockroaches (D:1)
  13 goblins
  5 hobgoblins
  8 jackals
  2 quokkas
  5 ball pythons
  A frilled lizard (D:1)
  9 kobolds
  11 rats
318 creatures vanquished.

Vanquished Creatures (others)
  An orc wizard (D:10)
  20 fungi
  23 plants
44 creatures vanquished.

Grand Total: 362 creatures vanquished

Notes
Turn   | Place    | Note
-------+----------+-------------------------------------------
     0 | D:1      | speeev33 the Hill Orc Fighter began the quest for the Orb.
     0 | D:1      | Reached XP level 1. HP: 19/19 MP: 1/1
     1 | D:1      | Found a runed translucent door.
    63 | D:1      | Reached skill level 3 in Axes
    63 | D:1      | Reached XP level 2. HP: 12/27 MP: 2/2
   366 | D:1      | Reached XP level 3. HP: 24/33 MP: 3/3
   633 | D:1      | Found a faded altar of an unknown god.
  1222 | D:1      | Reached XP level 4. HP: 40/40 MP: 4/4
  1468 | D:2      | Noticed Terence
  1485 | D:2      | Killed Terence
  1486 | D:2      | Reached skill level 4 in Axes
  1531 | D:2      | Noticed Jessica
  1538 | D:2      | Killed Jessica
  1539 | D:2      | Reached XP level 5. HP: 45/47 MP: 5/5
  2497 | D:3      | Reached skill level 5 in Fighting
  2504 | D:3      | Reached XP level 6. HP: 56/56 MP: 6/6
  2688 | D:3      | Found a burning altar of Makhleb.
  2758 | D:3      | Found a shimmering blue altar of Sif Muna.
  2765 | D:3      | Found a white marble altar of Elyvilon.
  2765 | D:3      | Found an ornate altar of the Wu Jian Council.
  2765 | D:3      | Found a broken altar of Ashenzari.
  2770 | D:3      | Found a shimmering altar of Xom.
  2871 | D:4      | Noticed a necrophage
  2879 | D:3      | Killed a necrophage
  2942 | D:4      | Reached skill level 5 in Axes
  3007 | D:4      | Reached skill level 5 in Armour
  3007 | D:4      | Reached skill level 5 in Shields
  3007 | D:4      | Reached XP level 7. HP: 52/61 MP: 7/7
  3304 | D:4      | Found Jago's Mass Market.
  3561 | D:5      | Entered Level 5 of the Dungeon
  3641 | D:5      | Reached skill level 6 in Axes
  3789 | D:5      | Reached XP level 8. HP: 21/71 MP: 8/8
  4830 | D:6      | Reached skill level 7 in Axes
  5159 | D:6      | Noticed Menkaure
  5165 | D:6      | Killed Menkaure
  5184 | D:6      | Reached XP level 9. HP: 64/79 MP: 9/9
  5437 | D:6      | Noticed Eustachio
  5449 | D:6      | Killed Eustachio
  5873 | D:6      | Noticed Maggie
  5886 | D:6      | Killed Maggie
  5887 | D:6      | Reached skill level 8 in Axes
  6570 | D:7      | Noticed a red ugly thing
  6589 | D:7      | HP: 2/80 [poisoned by a water moccasin]
  6590 | D:7      | Gained mutation: Your muscles are strong. (Str +2) [potion
                  | of mutation]
  6983 | D:7      | Reached skill level 9 in Axes
  7036 | D:6      | HP: 1/82 [red ugly thing (13)]
  7498 | D:7      | Reached XP level 10. HP: 12/91 MP: 10/10
  7859 | D:7      | Found a staircase to the Ecumenical Temple.
  7865 | Temple   | Entered the Ecumenical Temple
  7976 | Temple   | Became a worshipper of Warmaster Okawaru
  9396 | D:8      | Reached skill level 10 in Axes
  9587 | D:8      | Reached * piety under Okawaru
  9842 | D:9      | Noticed a two-headed ogre
 10052 | D:9      | Killed a two-headed ogre
 10052 | D:9      | Reached ** piety under Okawaru
 10053 | D:9      | Reached skill level 10 in Fighting
 10194 | D:9      | Found a staircase to the Orcish Mines.
 10679 | D:9      | Noticed Maurice
 10682 | D:9      | Noticed Maurice
 10682 | D:9      | Maurice changed into Maurice the naga
 10691 | D:9      | Killed Maurice the naga
 10732 | D:9      | Identified the +1 flail of Causality {vorpal, Will+}
 10732 | D:9      | Noticed Harold
 10743 | D:9      | Killed Harold
 10744 | D:9      | Reached skill level 11 in Axes
 10744 | D:9      | Reached XP level 11. HP: 56/101 MP: 8/11
 11055 | D:9      | Found a large runed translucent door.
 11055 | D:9      | Found a large runed translucent door.
 11058 | D:9      | Noticed DemonSlayer's ghost (journeyman HuBe)
 11141 | D:9      | Noticed Psyche
 11147 | D:9      | Killed Psyche
 11463 | D:10     | Entered Level 10 of the Dungeon
 11464 | D:10     | Noticed Joseph
 11470 | D:10     | Reached *** piety under Okawaru
 11488 | D:9      | Reached skill level 10 in Shields
 11500 | D:9      | Reached skill level 10 in Armour
 11501 | D:9      | Killed Joseph
 11828 | D:10     | Identified the +3 hunting sling of the Assorted Ships
                  | {venom, *Corrode MP+9 Dex+4 Stlth+}
 12311 | D:10     | Found a staircase to the Lair.
 12335 | D:10     | Noticed a four-headed hydra
 12359 | D:10     | Killed a one-headed hydra
 12359 | D:10     | Reached **** piety under Okawaru
 12384 | D:10     | Reached skill level 12 in Axes
 12784 | Lair:1   | Entered Level 1 of the Lair of Beasts
 12895 | Lair:1   | Identified the +9 battleaxe "Yshriyma" {speed, rC+ Str+4}
 12906 | Lair:1   | Noticed Nergalle
 12927 | Lair:1   | Killed Nergalle
 13085 | Lair:1   | Noticed a five-headed hydra
 13121 | Lair:1   | Reached ***** piety under Okawaru
 13131 | Lair:1   | Killed a one-headed hydra
 13146 | Lair:1   | Reached XP level 12. HP: 40/111 MP: 12/12
 13433 | Lair:1   | Noticed Grum
 13443 | Lair:1   | Killed Grum
 13567 | Lair:1   | Noticed an eight-headed hydra
 13573 | Lair:1   | Killed a two-headed hydra
 13573 | Lair:1   | Identified the +3 great sword of the Endless Ultimatums
                  | {venom, Will++} (Okawaru gifted it to you on level 1 of the
                  | Lair of Beasts)
 13573 | Lair:1   | Received a gift from Okawaru
 13708 | Lair:1   | Noticed a six-headed hydra
 13735 | Lair:1   | Killed a one-headed hydra
 14594 | Lair:2   | Identified the +4 morningstar "Killer Bee's Curse" {drain,
                  | rF+++ Int+2 Dex+2}
 14644 | Lair:2   | Reached skill level 13 in Axes
 14657 | Lair:2   | You fall into a shaft and drop 2 floors!
 14695 | Lair:4   | Noticed an eight-headed hydra
 14709 | Lair:4   | HP: 2/113 [seven-headed hydra (6)]
 14712 | Lair:4   | Slain by a four-headed hydra

Illustrated notes

Levels and vault maps discovered:
D:1:      dpeg_arrival_caged_fury, layout_loops_ring, basic_ecumenical_altar,
          minivault_4, minivault_25, minmay_distorted
D:2:      layout_basic, uniq_terence, uniq_jessica
D:3:      layout_rooms, lightli_temple_of_fire, minitemple
D:4:      layout_basic, dk_noncrumbling_3, ebering_dispersal_statue_hall,
          minmay_shop_mass
D:5:      layout_basic, minmay_misc_feat_iff
D:6:      layout_layer_cave, lightli_minifort, uniq_eustachio, uniq_menkaure,
          uniq_maggie
D:7:      nzn_winding_woodlands_small
          [nzn_winding_woodlands_5x15_river_crossing,
          nzn_winding_woodlands_center_triple_pond,
          nzn_winding_woodlands_5x15_pathside_ponds], layout_basic,
          minmay_temple_entry_ruins
D:8:      layout_cave_pools
D:9:      layout_basic, erik_orc_4, serial_rivers,
          chequers_serial_rivers_micro_c, chequers_serial_rivers_small_b,
          chequers_serial_rivers_marsh, chequers_serial_rivers_small_3,
          chequers_serial_rivers_micro_b, ebering_ghost_disaster_area,
          minmay_misc_feat_alley, uniq_harold, uniq_maurice, uniq_psyche
D:10:     wander_river, layout_basic, grunt_lair_entry_orc_guard_hut,
          uniq_joseph
Temple:   regret_index_temple_sphere_string
Lair:1:   layout_small_grid, grunt_megastairs_2, uniq_nergalle, uniq_grum
Lair:2:   layout_long_grid, palyth_hydra_swamp_entry
Lair:4:   cheibrodos_magma_flow, layout_cellular_growth,
          nicolae_spider_entry_non_spiders

Skill      XL: |  1  2  3  4  5  6  7  8  9 10 11 12 |
---------------+-------------------------------------+-----
Axes           | 3 4 5 6 7 9 11 12 13 | 13.1
Fighting       | 4 5 6 7 9 10 11 12 | 12.4
Armour         | 4 5 6 8 9 10 11 | 11.5
Shields        | 4 5 6 8 9 10 11 | 11.5

Action                   |  1- 3 |  4- 6 |  7- 9 | 10-12 || total
-------------------------+-------+-------+-------+-------++-------
Melee: War axe           |   122 |   208 |   310 |   484 ||  1124
Throw: Throwing net      |       |       |       |     1 ||     1
Invok: Heroism           |       |       |       |     4 ||     4
Evoke: Wand              |       |       |     5 |     6 ||    11
  Use: Scroll            |     1 |     3 |     9 |     9 ||    22
       Potion            |       |     1 |     3 |       ||     4
Armor: Scale mail        |    21 |       |       |       ||    21
       Chain mail        |    43 |   135 |   121 |   154 ||   453
Dodge: Dodged            |    36 |    44 |    59 |   101 ||   240
Block: Kite shield       |    58 |   165 |   301 |   457 ||   981
       Reflection        |       |     2 |     1 |    24 ||    27
